 Dungeon Crawl Stone Soup version 0.8.0-a0-1977-g787a77e character file.

829061 AdeonTwo the Sabretooth (level 27, 132/132 HPs)
             Began as a Felid Monk on Oct 11, 2010.
             Was a High Priest of Kikubaaqudgha.
             Escaped with the Orb!
             The game lasted 08:18:25 (170922 turns).

AdeonTwo the Sabretooth (Felid Monk)              Turns: 170922, Time: 08:18:25

HP 132/132       AC  5     Str  9 Exp: 27/1440369 (7)
MP  43/43        EV 38     Int 22      God: Kikubaaqudgha [*****.]
Gold 8025        SH  2     Dex 22      Spells: 14 memorised,  1 level left
Lives: 1, deaths: 8

Res.Fire  : + . .   See Invis. : +     - Unarmed
Res.Cold  : + + +   Warding    : .   (armour unavailable)
Life Prot.: . . .   Conserve   : .   (shield unavailable)
Res.Poison: +       Res.Corr.  : .   (helmet unavailable)
Res.Elec. : .       Clarity    : .   (cloak unavailable) Spirit.Shd: . Stasis : .
                                     (gloves unavailable)
Sust.Abil.: . .     Rnd.Telep. : .   (boots unavailable)
Res.Mut.  : +       Ctrl.Telep.: .   F - amulet of resist mutation
Res.Rott. : .       Levitation : .   D - ring of the Mage {Wiz MR Int+3}
Saprovore : . . .   Ctrl.Flight: .   H - cursed ring of Beauty {Wiz rPois rF+ rC++

@: very slightly glowing, quick, incredibly resistant to hostile enchantments,
incredibly stealthy
A: fangs 3, see invisible, carnivore 3, speed 1, -10% hp, slow metabolism 2, AC
+5, SH +2
a: Receive Corpses, Renounce Religion


You escaped.
You worshipped Kikubaaqudgha.
Kikubaaqudgha was exalted by your worship.
You were not hungry.

You visited 14 branches of the dungeon, and saw 79 of its levels.
You visited the Abyss 1 time.
You visited 2 Labyrinths.
You visited 1 bazaar.
You visited 3 portal chambers: ossuary, spiders nest, wizlab.

You collected 10214 gold pieces.
You spent 2189 gold pieces at shops.
You made 14762 melee attacks, avg delay 6.31 aut.
You made 27248 steps orthogonally, 15752 diagonally.
Autoexploring made 18116 steps orthogonally, 13381 diagonally.

Inventory:

Comestibles
 a - a royal jelly
 V - 2 meat rations
Scrolls
 f - a scroll of detect curse
Jewellery
 b - an uncursed ring of magical power
 e - an uncursed ring of regeneration
 i - an uncursed amulet of clarity
 k - the brooch of Shielding {Ward AC+4 EV+4}
   (You bought it in a shop on level 2 of the Elven Halls)

   [amulet of warding]

   It affects your AC (+4).
   It affects your evasion (+4).
   Back in the good old days, every adventurer had one of these handy devices.
   That, and a pony.
 m - a +4 ring of dexterity
 n - an uncursed ring of protection from fire
 s - a +3 ring of strength
 x - an uncursed ring of invisibility
 y - an uncursed amulet of conservation
 z - an uncursed ring of sustain abilities {unknown}
 A - an uncursed ring of ice
 D - the ring of the Mage (right paw) {Wiz MR Int+3}
   (You found it on level 7 of the Elven Halls)

   [ring of wizardry]

   It affects your intelligence (+3).
   It increases your resistance to enchantments.
 F - an amulet of resist mutation (around neck)
 H - the cursed ring of Beauty (left paw) {Wiz rPois rF+ rC++ Stlth++}
   (You found it on level 9 of the Dungeon)

   [ring of wizardry]

   It protects you from fire.
   It greatly protects you from cold.
   It protects you from poison.
   It makes you much more stealthy.
   It has a curse placed upon it.
 J - an uncursed amulet of resist corrosion
 L - an uncursed ring of levitation
 P - an uncursed amulet of rage
 Q - an uncursed ring of magical power
 S - an uncursed ring of life protection
 Y - an uncursed ring of fire
Potions
 d - 2 potions of invisibility
 g - 3 potions of heal wounds
 h - 3 potions of restore abilities
 j - a potion of levitation
 l - 4 potions of healing
 o - 2 potions of agility
 q - 4 potions of speed
 r - a potion of resistance
 t - 3 potions of brilliance
 E - 3 potions of might
Orbs of Power
 c - the Orb of Zot You had 7 experience left.


   Skills:
 + Level 14 Fighting
 + Level 18 Dodging
 + Level 15 Stealth
 + Level 14 Stabbing
 + Level 6 Traps & Doors
 * Level 27 Unarmed Combat
 - Level 14 Spellcasting
 + Level 18 Enchantments
 - Level 4 Summonings
 + Level 23 Necromancy
 - Level 8 Translocations
 - Level 3 Air Magic


You had one spell level left.
You knew the following spells:

 Your Spells              Type           Power        Success   Level  Hunger
a - Pain                  Necr           #####        Perfect     1    None
b - Vampiric Draining     Necr           ########..   Perfect     3    None
c - Regeneration          Ench/Necr      ########..   Perfect     3    None
d - Symbol of Torment     Necr           N/A          Excellent   6    Honeycomb
e - Haste                 Ench           ########.    Excellent   6    Honeycomb
f - Blink                 Tloc           N/A          Excellent   2    None
g - Agony                 Necr           ########.    Perfect     5    Choko
h - Dispel Undead         Necr           ########.    Perfect     4    None
i - Death's Door          Ench/Necr      ########..   Excellent   8    Ration
j - Repel Missiles        Air/Ench       #######...   Excellent   2    None
k - Teleport Self         Tloc           N/A          Excellent   5    Choko
l - Abjuration            Summ           ######....   Excellent   3    None
m - Apportation           Tloc           #######...   Excellent   1    None
n - Control Teleport      Ench/Tloc      #######...   Excellent   4    None

Dungeon Overview and Level Annotations

Branches:
Dungeon (27/27)            Temple (1/1) D:4             Orc (4/4) D:8
    Elf (7/7) Orc:4          Lair (6/8) D:10          Swamp (5/5) Lair:5
 Shoals (5/5) Lair:5         Hive (2/2) D:11          Vault (7/8) D:15
  Blade (1/1) Vault:4       Crypt (5/5) Vault:2        Tomb (3/3) Crypt:3
    Dis (0/7) Hell            Zot (5/5) D:27
  Slime: Lair:6-8       Geh: Hell:1         Coc: Hell:1         Tar: Hell:1

Altars:
Ashenzari
Cheibriados
Elyvilon
Fedhas
Kikubaaqudgha
Makhleb
Nemelex Xobeh
Okawaru
Sif Muna
The Shining One
Trog
Vehumet
Xom
Yredelemnul
Zin

Shops:
D:18: ? Orc:4: % Elf:1: ? Elf:2: = Elf:4: = Shoals:2: ( Vault:2: ? Vault:3: [ Vault:5: +

Portals:
Hell: D:21 D:23 D:24 D:25 D:26 D:27
Abyss: D:25 D:27
Pan: D:24 D:25 D:26
Trove: D:17 (8 potions of levitation)
Ziggurat: D:21 (7900 gp) D:22 (4930 gp) D:25 (4200 gp)

Annotations
D:3 1 exclusion
D:14 exclusions: Roxanne and upstairs
Orc:1 exclusion: orange crystal statue
Elf:2 exclusion: downstairs
Elf:3 exclusion: Nikola
Lair:3 exclusions: downstairs and ice statue
Lair:4 exclusion: ghost moth
Lair:6 exclusion: 4 oklob plants
Shoals:2 exclusion: kraken
Crypt:5 exclusion: curse skull
Zot:2 exclusion: golden dragon
Zot:3 exclusions: ghost moth, golden dragon and upstairs


Innate Abilities, Weirdness & Mutations

You cannot wear armour.
You are incapable of any advanced item manipulation.
Your paws have sharp claws.
You have razor-sharp teeth.
You have supernaturally acute eyesight.
You are carnivorous and can eat meat at any time.
You cover ground quickly.
Your thick and shaggy fur keeps you warm (AC +3, rC+).
You have a slow metabolism.
You are partially covered in large bone plates (AC +2, SH +2).
You are frail (-10% HP).


Message History

A large abomination comes into view.
There is a stone staircase leading up, spattered with blood here.
You climb upwards.
There is a stone staircase leading down here.
There is a stone staircase leading up here.
Are you sure you want to leave the Dungeon?
You have escaped!

#.....#.# #.#
#.....#.# #.#
#.....#.# #.#
#.....#)# #.#
#.....#.# #.#
#.......# #.#
###.####### #.#
..........# #.#
..@.......# #.#
..........#######.#
..........##....[.#
..........##......#
###.####.........(#
#.# #####......#
#.# #....>.# #.#
#......#
#.########......#


There were no monsters in sight!

Vanquished Creatures
  Khufu (Tomb:1)
  10 ancient liches
  An orb of fire (Zot:5)
  Boris (twice) (Vault:5 D:25)
  A curse toe (Zot:5)
  34 greater mummies
  Norris (Elf:6)
  A Killer Klown (Zot:5)
  Margery (Swamp:5)
  Geryon (Hell)
  An illusory Mara (D:18)
  2 electric golems (Zot:5)
  Xtahua (Tomb:1)
  Frederick (Vault:7)
  3 golden dragons
  Rupert (D:15)
  12 Orb Guardians (Zot:5)
  A curse skull (Crypt:2)
  4 deep elf blademasters (Elf:7)
  3 shadow dragons
  A kraken (Shoals:5)
  Agnes (Elf:6)
  11 sphinxes
  9 storm dragons
  A draconian knight (Zot:3)
  4 liches
  Ilsuiw (Shoals:5)
  An azure jelly (shapeshifter) (D:21)
  2 draconian monks (Zot:3)
  Donald (Elf:5)
  5 frost giants
  7 bone dragons
  A draconian zealot (Zot:2)
  Louise (D:17)
  3 draconian scorchers
  19 stone giants
  3 black draconians
  6 tentacled monstrosities
  3 fire giants
  4 sphinx zombies
  A Green Death (Port)
  6 deep elf annihilators
  A yellow draconian (Zot:2)
  A sphinx skeleton (D:21)
  A draconian caller (Zot:3)
  Wiglaf (D:14)
  A green draconian (Zot:3)
  6 deep elf death magi
  4 grey draconians (Zot:3)
  A Blue Death (Port)
  A white draconian (Zot:3)
  A pale draconian (Zot:3)
  Azrael (Crypt:2)
  8 deep elf sorcerers (Elf:7)
  2 mottled draconians (Zot:3)
  A purple draconian (Zot:4)
  A titan zombie (Crypt:5)
  4 deep elf master archers (Elf:7)
  2 vampire knights (Crypt:5)
  32 yaktaur captains
  3 great orbs of eyes
  A storm dragon zombie (Crypt:4)
  2 minotaurs (Lab)
  4 death cobs
  6 dragons
  2 sirens
  3 death oozes (D:25)
  26 mummy priests
  Erica (D:11)
  Harold (Lair:3)
  4 merfolk aquamancers (Shoals:5)
  A golden dragon zombie (Crypt:5)
  6 merfolk javelineers (Shoals:5)
  10 ice dragons
  17 hydras
  A draconian (shapeshifter) (D:21)
  8 ogre magi
  Nessos (D:12)
  54 dancing weapons
  A deep elf demonologist (Elf:7)
  An alligator snapping turtle (Shoals:5)
  An iron dragon zombie (Crypt:2)
  An alligator (Swamp:5)
  2 rakshasas
  2 very ugly things (D:23)
  A deep elf high priest (Elf:7)
  A fire giant zombie (Vault:6)
  5 unseen horrors
  3 merfolk impalers
  Nergalle (Shoals:1)
  2 hell hogs (Abyss)
  4 griffons
  A ghost moth (shapeshifter) (D:27)
  A frost giant skeleton (Crypt:3)
  28 deep elf knights
  6 stone giant skeletons
  6 iron golems
  14 centaur warriors
  An ice devil (Hell)
  A fire giant skeleton (D:20)
  10 deep trolls (D:27)
  3 soul eaters
  13 orc knights
  75 skeletal warriors
  8 sea snakes
  7 iron trolls
  15 hell knights
  3 sea snake zombies
  2 yellow draconian zombies
  A naga warrior (Vault:5)
  An alligator snapping turtle skeleton (Crypt:5)
  6 elf skeletons
  16 humans
  2 ice statues
  9 flayed ghosts
  16 hill giants
  4 large large abominations (Abyss)
  9 necromancers
  A death yak zombie (Crypt:4)
  5 wizards
  3 mottled draconian skeletons
  4 crystal golems
  A grey draconian skeleton (Tomb:2)
  2 white draconian skeletons
  35 harpies
  A sea snake skeleton (Abyss)
  A green draconian skeleton (Abyss)
  A harpy zombie (Vault:1)
  A hydra zombie (D:16)
  Joseph (D:11)
  2 flaming corpses
  Urug (D:11)
  2 pale draconian skeletons
  2 giant amoebae
  A vampire mage (Crypt:1)
  4 spiny worms
  2 orc sorcerers
  5 swamp dragons
  16 cyclopes
  4 phantasmal warriors
  3 red wasps
  A red wasp (shapeshifter) (D:18)
  A glowing shapeshifter (Hell)
  Maurice (D:12)
  4 red wasp zombies
  A siren skeleton (Abyss)
  8 mimics
  14 moths of wrath
  A guardian serpent zombie (Crypt:3)
  9 orange demons
  71 slime creatures
  A reaper (Hell)
  5 spiny frogs
  2 trapdoor spiders
  An iron dragon simulacrum (Crypt:1)
  A queen ant (Elf:3)
  2 giant toad zombies
  2 wolf spiders
  2 slime creatures (shapeshifter) (D:27)
  An ice dragon skeleton (Crypt:3)
  A griffon skeleton (D:16)
  2 dragon skeletons
  An emperor scorpion zombie (Crypt:1)
  24 elephants
  2 hill giant zombies
  A spiny frog (shapeshifter) (D:23)
  59 yaktaurs
  4 polar bears
  11 smoke demons
  4 hellwings
  Psyche (D:11)
  A queen ant zombie (Crypt:4)
  3 iron devils
  A giant toad skeleton (Crypt:5)
  106 guardian mummies
  4 hill giant skeletons
  12 mermaids
  10 trolls
  81 ugly things
  2 mermaids (shapeshifter)
  14 rock trolls
  Sonja (D:15)
  An iron troll simulacrum (Vault:6)
  A giant snail zombie (D:22)
  2 komodo dragons
  12 snapping turtles
  A nisse zombie (Crypt:5)
  A sixfirhy (Tomb:2)
  2 deep troll zombies
  A rock troll zombie (D:19)
  2 silent spectres
  A troll (shapeshifter) (Vault:6)
  3 rock troll skeletons
  5 queen bees
  2 deep troll skeletons
  4 blink frogs (Lair:5)
  3 brown oozes (D:25)
  23 giant toads
  A snapping turtle zombie (Crypt:2)
  A swamp dragon zombie (Crypt:1)
  13 two-headed ogres
  A redback zombie (Crypt:5)
  3 bumblebees (D:25)
  A griffon simulacrum (Abyss)
  A blink frog zombie (D:15)
  7 blue devils
  2 baby alligator skeletons
  A nisse (shapeshifter) (Elf:3)
  8 metal gargoyles (Hell)
  2 wyverns (Lair:5)
  2 vampires
  A dragon simulacrum (Tomb:1)
  11 ynoxinuls
  8 wraiths
  37 yaks
  29 deep elf conjurers
  Eustachio (Orc:1)
  8 golden eyes (Abyss)
  17 deep elf summoners
  An elephant skeleton (D:19)
  An elephant zombie (Crypt:1)
  2 fire drake zombies (Crypt:1)
  12 hippogriffs
  A chaos spawn (Abyss)
  A viper (shapeshifter) (Vault:7)
  2 shadow demons (Hell)
  A boring beetle (shapeshifter) (Elf:4)
  2 hungry ghosts (Tomb:1)
  5 neqoxecs
  32 deep elf fighters
  5 fire drakes
  11 manticores
  3 ghouls (Tomb:2)
  A golden eye (shapeshifter) (D:22)
  2 viper skeletons
  2 fire elementals
  37 merfolk
  A komodo dragon zombie (Crypt:3)
  18 giant blowflies
  A yaktaur zombie (Vault:4)
  5 sharks
  7 war dogs
  2 giant slug zombies
  2 rock worms
  5 mottled dragons
  21 necrophages
  22 soldier ants
  2 yaktaur skeletons
  A gargoyle (D:19)
  37 insubstantial wisps
  4 freezing wraiths
  A yellow wasp (shapeshifter) (D:17)
  27 swamp worms
  A manticore zombie (Vault:2)
  35 orc warriors
  18 ice beasts
  A rock worm zombie (D:16)
  3 troll zombies
  The ghost of Obfuscation the Caller, an average FeWz (D:4)
  2 yak zombies
  Duvessa (Orc:1)
  2 cyclops skeletons
  A wyvern skeleton (Tomb:2)
  10 deep elf priests
  35 ogres
  4 phantoms
  6 giant goldfish
  12 swamp drakes
  25 centaurs
  A deep dwarf (shapeshifter) (D:21)
  A red devil (Hell)
  3 hell hounds
  2 hippogriff skeletons
  26 deep elf magi
  6 kobold demonologists
  2 giant blowfly simulacra
  A grizzly bear skeleton (Crypt:5)
  A boring beetle (Vault:7)
  4 nagas (Vault:5)
  7 crocodiles
  3 gila monsters
  4 wargs
  2 wolves (D:16)
  11 big kobolds
  A brain worm (Vault:2)
  A boulder beetle zombie (Vault:2)
  6 giant slugs
  8 giant leeches
  20 giant frogs
  3 water moccasins
  A wyvern simulacrum (Tomb:2)
  A lava worm (D:26)
  A giant leech (shapeshifter) (D:19)
  A tarantella zombie (Crypt:5)
  A giant snail (Lair:4)
  A black bear skeleton (Crypt:4)
  A centaur skeleton (Crypt:1)
  2 soldier ant zombies (Crypt:2)
  A giant leech zombie (Crypt:5)
  2 killer bee zombies
  An eye of draining (shapeshifter) (Elf:6)
  6 boulder beetles
  13 jellyfish
  196 killer bees
  35 wights
  2 gila monster zombies
  A dwarf zombie (Crypt:1)
  8 small abominations
  9 electric eels
  3 big kobold zombies
  A pulsating lump (shapeshifter) (Hell)
  9 hounds
  2 quasits
  23 shadows
  Dowan (Orc:1)
  2 big kobold skeletons
  7 iron imps
  A crocodile skeleton (Crypt:5)
  3 giant beetles
  3 hound zombies
  A kenku skeleton (Crypt:1)
  A mottled dragon skeleton (Crypt:5)
  25 orc priests
  7 big fish
  14 imps
  A hound skeleton (Crypt:5)
  12 iguanas
  An orange rat (Elf:7)
  A scorpion (D:2)
  42 deep elf soldiers
  An elf (shapeshifter) (Vault:4)
  2 humans (shapeshifter)
  An orange rat zombie (Crypt:5)
  17 giant ants
  39 orc wizards
  2 steam dragon zombies
  54 sheep
  17 jellies
  5 spectral orcs (Shoals:1)
  A worm zombie (D:7)
  6 boggarts
  58 mummies
  A giant beetle zombie (D:8)
  A draconian simulacrum (Tomb:1)
  43 flying skulls
  3 gnolls (D:6)
  10 midges
  17 snakes
  6 elf zombies
  5 giant centipedes
  12 lemures
  A scorpion zombie (D:23)
  3 giant centipede zombies
  3 giant mites
  23 green rats
  2 shadow imps (Port)
  A snake skeleton (D:8)
  A halfling skeleton (Crypt:2)
  An iguana zombie (Tomb:2)
  7 white imps
  29 giant mosquitos
  2 worms
  51 ufetubi
  15 grey rats
  A giant bat skeleton (Crypt:1)
  9 giant eyeballs
  A green rat skeleton (Crypt:5)
  5 oozes
  5 giant cockroaches
  23 goblins
  19 hobgoblins
  9 jackals
  47 kobolds
  202 orcs
  16 quokkas
  11 ant larvae (Elf:3)
  41 giant bats
  A giant bat (shapeshifter) (D:25)
  7 giant geckos
  7 giant newts
  A goblin zombie (Tomb:1)
  2 hobgoblin skeletons
  4 illusory rakshasas (Vault:2)
  A jackal skeleton (Crypt:3)
  2 jackal zombies
  66 killer bee larvae
  A killer bee larva zombie (D:26)
  2 kobold skeletons
  2 kobold zombies
  2 orc zombies
  A quokka zombie (D:5)
  46 rats
  3 rat skeletons
  2 rat zombies
  3 small snakes
  3 butterflies
  4 fungi
  2 plants (Shoals:4)
  39 toadstools
3486 creatures vanquished.

Vanquished Creatures (collateral kills)
  Jozef (Lair:4)
  An iron golem (Vault:4)
  An emperor scorpion (shapeshifter) (D:16)
  A hill giant (D:12)
  A slime creature (Vault:4)
  2 elephants (Lair:5)
  A blink frog (Lair:5)
  A komodo dragon (Lair:5)
  7 yaks
  A war dog (Lair:2)
  A giant goldfish (D:12)
  A centaur (D:17)
  An ice beast (Lair:2)
  A giant frog (D:16)
  6 killer bees
  An orc wizard (Orc:3)
  3 sheep (Lair:5)
  2 grey rats (Lair:1)
  2 jackals (Lair:5)
  2 orcs
  2 giant bats (Lair:1)
  3 killer bee larvae (D:10)
  3 kobolds (Vault:4)
  A rat (D:12)
  A bush (Lair:1)
  2 fungi
  A plant (Lair:5)
50 creatures vanquished.

Vanquished Creatures (others)
  A draconian scorcher (Zot:3)
  A mottled draconian (Zot:3)
  A deep elf knight (Elf:7)
  A centaur zombie (D:14)
  An unseen horror (Abyss)
  A hydra zombie (Vault:4)
  An iron dragon simulacrum (Crypt:3)
  25 slime creatures
  2 hill giant zombies
  An ugly thing (D:22)
  A guardian mummy (Crypt:3)
  4 elephant zombies (Lair:5)
  A blink frog zombie (Lair:5)
  A blink frog skeleton (Lair:5)
  A deep elf conjurer (Elf:5)
  A soldier ant (Elf:4)
  A jumping spider zombie (Tomb:2)
  A giant slug zombie (Lair:5)
  A hell hound (Crypt:2)
  A small abomination (D:17)
  A giant goldfish zombie (D:12)
  4 yak zombies
  A swamp drake (Swamp:4)
  A soldier ant zombie (D:14)
  2 centaurs
  A draconian skeleton (Tomb:2)
  A black bear skeleton (Crypt:2)
  5 killer bee zombies
  A crocodile zombie (Lair:4)
  4 wights (Crypt:2)
  An ogre skeleton (Tomb:2)
  2 deep elf soldiers
  6 mummies
  A snake (Lair:4)
  8 sheep zombies
  2 ufetubi
  2 giant bat zombies
  A green rat zombie (Lair:4)
  A giant mite zombie (Crypt:2)
  A hobgoblin (D:8)
  2 jackals (Lair:3)
  An orc (D:12)
  A giant spore (D:11)
  A grey rat zombie (Lair:1)
  2 killer bee larvae
  2 killer bee larva zombies (D:10)
  A kobold (D:4)
  An orc skeleton (D:12)
  5 orc zombies
  A bush (Lair:6)
  16 fungi
  37 plants
  12 tentacles
  46 tentacle segments
  318 toadstools
540 creatures vanquished.

Grand Total: 4076 creatures vanquished

Notes
Turn   | Place    | Note
--------------------------------------------------------------
     0 | D:1      | AdeonTwo, the Felid Monk, began the quest for the Orb.
     0 | D:1      | Reached XP level 1. HP: 13/13 MP: 0/0
   483 | D:1      | Reached XP level 2. HP: 17/17 MP: 1/1
   830 | D:2      | Noticed Sigmund
  1551 | D:2      | Reached XP level 3. HP: 13/21 MP: 2/3
  2247 | D:2      | Reached skill 5 in Unarmed Combat
  2411 | D:2      | Found a glowing golden altar of the Shining One.
  2450 | D:2      | Reached XP level 4. HP: 17/25 MP: 4/4
  3160 | D:3      | Reached skill 1 in Stabbing
  3863 | D:3      | Found a sparkling altar of Nemelex Xobeh.
  4177 | D:3      | Noticed Voker57's ghost
  4445 | D:4      | Found a staircase to the Ecumenical Temple.
  4445 | D:4      | Noticed Obfuscation's ghost
  4922 | D:4      | Reached XP level 5. HP: 30/30 MP: 5/6
  5453 | D:4      | Reached skill 1 in Traps & Doors
  5492 | D:4      | Reached skill 5 in Dodging
  5614 | Temple   | Entered the Ecumenical Temple
  5861 | Temple   | Became a worshipper of Kikubaaqudgha
  6726 | D:5      | Entered Level 5 of the Dungeon
  7007 | D:5      | Reached skill 6 in Unarmed Combat
  7029 | D:5      | Gained mutation: You are covered in thick fur (AC +2).
  7029 | D:5      | Reached XP level 6. HP: 33/33 MP: 7/7
  7124 | D:5      | Reached skill 1 in Spellcasting
  7438 | D:5      | Reached skill 7 in Unarmed Combat
  7468 | D:5      | Reached XP level 7. HP: 38/38 MP: 9/10
  7729 | D:6      | Noticed a big kobold
  7729 | D:6      | Noticed a big kobold
  7729 | D:6      | Noticed a big kobold
  7730 | D:6      | Noticed a big kobold
  7730 | D:6      | Noticed a big kobold
  7730 | D:6      | Noticed a big kobold
  7731 | D:6      | Noticed a big kobold
  7741 | D:6      | Defeated a big kobold
  7741 | D:6      | Acquired Kikubaaqudgha's first power
  7741 | D:6      | Received a gift from Kikubaaqudgha
  7785 | D:6      | Learned a level 1 spell: Pain
  7842 | D:6      | Defeated a big kobold
  7855 | D:6      | Reached skill 1 in Necromancy
  8532 | D:6      | Found a white marble altar of Elyvilon.
  9055 | D:6      | Defeated a big kobold
  9100 | D:6      | Defeated a big kobold
  9100 | D:6      | Reached XP level 8. HP: 36/43 MP: 13/14
  9102 | D:6      | Reached skill 8 in Unarmed Combat
  9588 | D:6      | Learned a level 3 spell: Vampiric Draining
  9692 | D:6      | Learned a level 3 spell: Regeneration
 10006 | D:7      | Found a sand-covered staircase. 10018
                  | ossuary
                  | Entered a tomb
 10190 | D:7      | Acquired Kikubaaqudgha's second power
 10469 | D:8      | Reached skill 5 in Necromancy
 10498 | D:8      | Learned a level 4 spell: Dispel Undead
 11036 | D:8      | Reached skill 5 in Stealth
 11674 | D:8      | Reached XP level 9. HP: 46/48 MP: 13/18
 12390 | D:8      | Reached skill 9 in Unarmed Combat
 12442 | D:8      | Found a staircase to the Orcish Mines.
 13133 | D:9      | Got a pitted lead ring
 13145 | D:9      | Identified the ring of Beauty (You found it on level 9 of the Dungeon)
 13194 | D:9      | Received a gift from Kikubaaqudgha
 14071 | D:10     | Entered Level 10 of the Dungeon
 14460 | D:10     | Reached skill 5 in Fighting
 14471 | D:10     | Noticed a queen bee
 14477 | D:10     | Reached skill 5 in Stabbing
 14708 | D:10     | Found a staircase to the Lair.
 14731 | Lair:1   | Entered Level 1 of the Lair of Beasts
 14936 | Lair:1   | Reached XP level 10. HP: 54/54 MP: 19/19
 15136 | Lair:1   | Learned a level 4 spell: Animate Dead
 15155 | Lair:1   | Reached skill 10 in Unarmed Combat
 16486 | Lair:3   | Noticed Harold
 16974 | Lair:4   | Noticed Jozef
 17216 | Lair:4   | Reached skill 11 in Unarmed Combat
 17284 | Lair:4   | Acquired Kikubaaqudgha's third power
 17284 | Lair:4   | Received a gift from Kikubaaqudgha
 17568 | Lair:4   | Found a crumbling entrance.
 17578 | Spider   | Entered a spider's nest
 18201 | Lair:3   | Defeated Harold
 18581 | Lair:3   | Reached XP level 11. HP: 59/59 MP: 17/20
 19576 | Lair:3   | Reached skill 12 in Unarmed Combat
 20304 | Lair:4   | Reached skill 10 in Dodging
 20421 | Lair:4   | Defeated Jozef
 20471 | Lair:4   | Learned a level 2 spell: Corpse Rot
 20630 | Lair:4   | Reached skill 13 in Unarmed Combat
 20842 | Lair:5   | Found a staircase to the Swamp.
 20847 | Lair:5   | Found a staircase to the Shoals.
 20901 | Lair:5   | Reached skill 10 in Necromancy
 21029 | Lair:5   | Acquired Kikubaaqudgha's fourth power
 21444 | Lair:5   | Gained mutation: Your thick and shaggy fur keeps you warm (AC +3, rC+).
 21444 | Lair:5   | Reached XP level 12. HP: 57/67 MP: 15/23
 24016 | D:10     | Noticed a queen bee
 24069 | D:10     | Defeated a queen bee
 24283 | D:10     | Defeated a queen bee
 24287 | D:10     | Reached skill 14 in Unarmed Combat
 25069 | Orc:1    | Entered Level 1 of the Orcish Mines
 25498 | Orc:1    | Noticed Eustachio
 25515 | Orc:1    | Defeated Eustachio
 26607 | Orc:4    | Entered Level 4 of the Orcish Mines
 27215 | Orc:4    | Noticed an iron troll
 27224 | Orc:4    | Found Waafaabb's Food Shop.
 27466 | Orc:4    | Found a staircase to the Elven Halls.
 27499 | Orc:4    | Defeated an iron troll
 27705 | Orc:4    | Reached skill 1 in Enchantments
 28554 | D:4      | Defeated Obfuscation's ghost
 28598 | Temple   | Received a gift from Kikubaaqudgha
 30205 | Orc:1    | Noticed Duvessa
 30231 | Orc:1    | Noticed Dowan
 30234 | Orc:1    | Defeated Dowan
 30237 | Orc:1    | Defeated Duvessa
 30575 | Orc:3    | Learned a level 6 spell: Symbol of Torment
 31453 | D:11     | Noticed Joseph
 31473 | D:11     | Defeated Joseph
 31624 | D:11     | Noticed Erica
 31638 | D:11     | Defeated Erica
 31681 | D:11     | Noticed Psyche
 31697 | D:11     | Defeated Psyche
 31938 | D:11     | Found a staircase to the Hive.
 31939 | D:11     | Noticed a queen bee
 31950 | D:11     | Defeated a queen bee
 32096 | D:11     | Noticed Urug
 32113 | D:11     | Defeated Urug
 32113 | D:11     | Reached XP level 13. HP: 46/70 MP: 24/24
 32311 | D:11     | Reached skill 5 in Spellcasting
 32698 | D:12     | Noticed Nessos
 32742 | D:12     | Noticed Maurice
 32952 | D:12     | Defeated Maurice
 33894 | Hive:1   | Entered Level 1 of the Hive
 34498 | Hive:2   | Entered Level 2 of the Hive
 34547 | Hive:2   | Reached skill 10 in Stealth
 34934 | Hive:2   | Reached skill 10 in Stabbing
 36486 | D:13     | Found a shimmering altar of Xom.
 37569 | D:15     | Entered Level 15 of the Dungeon
 37578 | D:15     | Found a staircase to the Vaults.
 37579 | D:15     | Noticed Wiglaf
 37591 | D:15     | Noticed Sonja
 37645 | D:14     | Noticed Kirke
 37684 | D:14     | Noticed Roxanne
 38223 | D:17     | Reached XP level 14. HP: 76/76 MP: 27/27
 38259 | D:17     | Found a radiant altar of Vehumet.
 38280 | D:17     | Noticed Louise
 38471 | D:17     | Reached skill 15 in Unarmed Combat
 39445 | D:15     | Noticed Rupert
 39621 | D:11     | Starved to death
 39804 | Swamp:1  | Entered Level 1 of the Swamp
 40082 | Shoals:1 | Entered Level 1 of the Shoals
 40391 | Shoals:1 | You fall through a shaft!
 42018 | Shoals:2 | Found Tweoj's Antique Weapon Shop.
 42262 | Shoals:1 | Noticed Nergalle
 42358 | Shoals:1 | Reached skill 5 in Enchantments
 43018 | Shoals:1 | Defeated Nergalle
 45720 | Elf:1    | Entered Level 1 of the Elven Halls
 45783 | Elf:1    | Reached XP level 15. HP: 70/81 MP: 27/28
 47656 | Elf:2    | Found Memiehi's Jewellery Shoppe.
 47665 | Elf:2    | Bought an uncursed amulet of conservation for 315 gold pieces
 49408 | Elf:4    | Found Mniutt's Jewellery Shop.
 49919 | Elf:4    | HP: 3/81 [five-headed hydra (shapeshifter) (5)]
 52487 | Elf:3    | Reached skill 15 in Necromancy
 52752 | Elf:3    | Noticed Nikola
 53246 | Elf:5    | Noticed Donald
 53275 | Elf:5    | Defeated Donald
 53654 | Elf:5    | Identified a scroll of acquirement
 53657 | Elf:5    | Got a fine turquoise ring
 54087 | Elf:6    | Noticed Agnes
 54107 | Elf:6    | Defeated Agnes
 54405 | Elf:6    | Noticed Frances
 54558 | Elf:6    | Learned a level 5 spell: Agony
 54926 | Elf:6    | Noticed Norris
 55105 | Elf:6    | Slain by Norris
 55463 | D:12     | Identified the ring of the Suburbs (You acquired it on level 5 of the Elven Halls)
 55483 | D:12     | Defeated Nessos
 56086 | D:15     | Defeated Sonja
 56106 | D:15     | Defeated Rupert
 56506 | Vault:1  | Entered Level 1 of the Vaults
 56608 | Vault:1  | Found a flickering gateway to a bazaar. 56617
                  | bazaar
                  | Entered a bazaar 56617
                  | bazaar
                  | Found Qaop Thu's Antique Armour Shop. 56617
                  | bazaar
                  | Found Ydiuj's Antique Weapon Shop. 56640
                  | bazaar
                  | Found Yniurcha's Distillery. 56649
                  | bazaar
                  | Bought a potion of healing for 22 gold pieces 56649
                  | bazaar
                  | Bought 2 potions of resistance for 154 gold pieces 56649
                  | bazaar
                  | Bought a potion of heal wounds for 33 gold pieces 56649
                  | bazaar
                  | Bought a potion of healing for 22 gold pieces 56649
                  | bazaar
                  | Bought a potion of heal wounds for 33 gold pieces 56649
                  | bazaar
                  | Bought a potion of healing for 22 gold pieces 56649
                  | bazaar
                  | Bought a potion of heal wounds for 33 gold pieces 56649
                  | bazaar
                  | Bought a potion of heal wounds for 33 gold pieces
 56873 | Vault:1  | Reached skill 16 in Unarmed Combat
 57549 | Vault:2  | Found Kuhaddoq's Magic Scroll Shop.
 57551 | Vault:2  | Bought a scroll of teleportation for 39 gold pieces
 57551 | Vault:2  | Bought a scroll of identify for 26 gold pieces
 58664 | Vault:2  | Learned a level 4 spell: Dispel Undead
 58674 | Vault:2  | Found a staircase to the Crypt.
 58674 | Vault:2  | Found a basalt altar of Yredelemnul.
 58674 | Vault:2  | Found an ancient bone altar of Kikubaaqudgha.
 58808 | Vault:2  | Reached XP level 16. HP: 87/87 MP: 12/30
 60005 | Vault:3  | Found Heinuc's Armour Boutique.
 61635 | Vault:4  | Found a staircase to the Hall of Blades.
 61903 | Vault:4  | Reached skill 10 in Enchantments
 62908 | Vault:5  | Found Cheaff's Book Shoppe.
 63359 | Vault:5  | Noticed Boris
 63364 | Vault:5  | Killed from afar by Boris
 64030 | Vault:5  | Defeated Boris
 64680 | Vault:5  | Noticed a naga warrior
 64703 | Vault:5  | Defeated a naga warrior
 65096 | Vault:6  | Reached XP level 17. HP: 47/91 MP: 27/32
 65657 | Vault:6  | Got an ancient marble ring
 66350 | Vault:5  | Bought a book of Wizardry for 510 gold pieces
 66456 | Vault:4  | Learned a level 6 spell: Haste
 67358 | Vault:7  | Found a magical portal.
 67492 | WizLab   | Entered The Hall of Fraiv the Hellbinder
 68171 | WizLab   | Found a burning altar of Makhleb.
 68384 | WizLab   | Got a yellowed book
 68385 | WizLab   | Identified the Almanac of Calling (You found it in The Hall of Fraiv the Hellbinder)
 68399 | WizLab   | Got a black book
 68402 | WizLab   | Identified Eustachio's Volume of the Escort (You found it in The Hall of Fraiv the Hellbinder)
 68752 | Vault:7  | Noticed Frederick
 68813 | Vault:7  | Noticed a crystal golem
 69219 | Vault:7  | Defeated a crystal golem
 71372 | D:17     | Found a portal to a secret trove of treasure.
 72094 | D:17     | Defeated Louise
 72433 | D:18     | Reached skill 17 in Unarmed Combat
 72941 | D:18     | Reached XP level 18. HP: 95/95 MP: 33/33
 73266 | D:18     | Found Loppudgh's Magic Scroll Shop.
 73272 | D:18     | Bought a scroll of identify for 40 gold pieces
 73273 | D:18     | Identified the ring "Tadigh" (You acquired it on level 6 of the Vaults)
 73801 | Crypt:1  | Entered Level 1 of the Crypt
 75089 | D:18     | Noticed Mara
 75779 | D:18     | Noticed AdeonTwo's ghost
 76153 | D:19     | Noticed a gargoyle
 76162 | D:19     | Defeated a gargoyle
 77618 | Crypt:2  | Noticed Azrael
 77747 | Crypt:2  | Found a labyrinth entrance.
 77756 | Lab      | Entered a Labyrinth
 79266 | D:20     | Entered Level 20 of the Dungeon
 80300 | D:21     | Found a gateway to Hell.
 80303 | D:21     | Found a gateway to a ziggurat.
 80956 | D:21     | Found a shimmering altar of Xom.
 80956 | D:21     | Found a shimmering altar of Xom.
 80957 | D:21     | Found a shimmering altar of Xom.
 80957 | D:21     | Found a shimmering altar of Xom.
 80957 | D:21     | Found a shimmering altar of Xom.
 81273 | D:21     | You fall through a shaft!
 81806 | D:21     | Found a shimmering altar of Xom.
 82387 | D:21     | Reached XP level 19. HP: 99/99 MP: 33/34
 83360 | D:22     | Found a gateway to a ziggurat.
 84097 | D:23     | Found a labyrinth entrance.
 84100 | Lab      | Entered a Labyrinth
 85556 | D:23     | Reached skill 15 in Dodging
 86168 | D:24     | Reached skill 10 in Fighting
 86778 | D:24     | Found a one-way gate leading to the halls of Pandemonium.
 87740 | D:24     | Reached skill 18 in Unarmed Combat
 89416 | D:25     | Entered Level 25 of the Dungeon
 90320 | D:25     | Found a one-way gate to the infinite horrors of the Abyss.
 90334 | D:25     | Found a gateway to a ziggurat.
 90798 | D:25     | Reached XP level 20. HP: 94/107 MP: 36/36
 91056 | D:25     | Slain by a stone giant
 91059 | D:25     | Noticed Boris
 93514 | D:25     | Defeated Boris
 93833 | D:25     | Killed from afar by an acid blob
 95890 | D:27     | Entered Level 27 of the Dungeon
 97373 | D:27     | Found a blossoming altar of Fedhas.
 98021 | D:27     | Reached XP level 21. HP: 88/111 MP: 30/36
100587 | D:14     | Defeated Wiglaf
101567 | Swamp:1  | Learned a level 8 spell: Death's Door
105349 | Elf:2    | Bought the brooch of Shielding {Ward AC+4 EV+4} for 806 gold pieces
107318 | Swamp:5  | Entered Level 5 of the Swamp
109011 | Swamp:5  | Reached skill 19 in Necromancy
109313 | Swamp:5  | Noticed Margery
109331 | Swamp:5  | Defeated Margery
109484 | Swamp:4  | Reached skill 15 in Enchantments
110863 | Swamp:5  | Got a decaying rune of Zot
111380 | Blade    | Entered the Hall of Blades
112946 | Elf:6    | Defeated Norris
113009 | Elf:7    | Entered Level 7 of the Elven Halls
113891 | Elf:7    | Noticed a deep elf blademaster
113891 | Elf:7    | Noticed a deep elf blademaster
114295 | Elf:7    | Noticed a deep elf master archer
114330 | Elf:7    | Defeated a deep elf blademaster
114803 | Elf:7    | Reached XP level 22. HP: 113/113 MP: 30/37
115363 | Elf:7    | Defeated a deep elf master archer
115739 | Elf:7    | Noticed a deep elf master archer
116019 | Elf:7    | Defeated a deep elf blademaster
116684 | Elf:7    | Reached skill 20 in Unarmed Combat
116713 | Elf:7    | Defeated a deep elf master archer
117151 | Elf:7    | Noticed a deep elf master archer
117151 | Elf:7    | Noticed a deep elf master archer
117153 | Elf:7    | Noticed a deep elf blademaster
117153 | Elf:7    | Noticed a deep elf blademaster
117640 | Elf:7    | Defeated a deep elf blademaster
117806 | Elf:7    | HP: 5/113 [deep elf master archer/arrow (17)]
117807 | Elf:7    | Shot with an arrow of flame by a deep elf master archer
117878 | Elf:7    | Defeated a deep elf master archer
117884 | Elf:7    | Defeated a deep elf blademaster
117884 | Elf:7    | Reached skill 10 in Spellcasting
118070 | Elf:7    | Defeated a deep elf master archer
118582 | Elf:7    | Got a blackened book
118592 | Elf:7    | Got a sapphire ring
118867 | Elf:1    | Found Mnimuok's Magic Scroll Shoppe.
118916 | Elf:1    | Identified the ring of the Mage (You found it on level 7 of the Elven Halls)
118920 | Elf:1    | Identified Ozocubu's Guide on the Entrancing Frostbite (You found it on level 7 of the Elven Halls)
119125 | Elf:1    | Bought a scroll of blinking for 36 gold pieces
120476 | D:11     | Learned a level 2 spell: Repel Missiles
123847 | Blade    | Reached skill 21 in Unarmed Combat
126393 | Crypt:2  | Defeated Azrael
127959 | Crypt:3  | Found a staircase to the Tomb.
128922 | Crypt:5  | Entered Level 5 of the Crypt
129762 | Crypt:5  | Reached skill 22 in Unarmed Combat
129975 | Crypt:5  | Noticed a lich
129979 | Crypt:5  | Defeated a lich
130601 | Crypt:5  | Reached XP level 23. HP: 69/120 MP: 24/39
130627 | Crypt:5  | Noticed an ancient lich
130856 | Crypt:5  | Defeated an ancient lich
130967 | Crypt:5  | Noticed a lich
130970 | Crypt:5  | Defeated a lich
131430 | Crypt:5  | Found a basalt altar of Yredelemnul.
132592 | Lair:4   | Learned a level 4 spell: Flight
132835 | Shoals:5 | Entered Level 5 of the Shoals
132979 | Shoals:5 | Reached skill 23 in Unarmed Combat
133438 | Shoals:5 | Noticed Ilsuiw
133935 | Shoals:5 | Defeated Ilsuiw
135527 | Shoals:5 | Got a barnacled rune of Zot
136196 | Hell     | Entered the Vestibule of Hell
136197 | Hell     | Noticed Geryon
136215 | Hell     | An emperor scorpion changed into a pulsating lump
136223 | Hell     | Gained mutation: You are clumsy (Dex -1).
136229 | Hell     | Defeated a pulsating lump
136372 | Hell     | Defeated Geryon
136506 | Hell     | Reached skill 1 in Air Magic
138490 | Hell     | Reached skill 24 in Unarmed Combat
139827 | Tomb:1   | Entered Level 1 of the Tomb of the Ancients
139964 | Tomb:1   | Reached XP level 24. HP: 115/122 MP: 19/40
140015 | Tomb:1   | Learned a level 3 spell: Abjuration
140409 | Tomb:1   | Noticed Xtahua
140941 | Tomb:1   | Defeated Xtahua
141427 | Tomb:1   | Reached skill 1 in Summonings
141766 | Tomb:1   | Noticed Khufu
141780 | Tomb:1   | Defeated Khufu
141785 | Tomb:1   | You are cast into the Abyss!
141785 | Tomb:1   | Cast into the Abyss (a Zot trap)
141785 | Abyss    | Entered The Abyss
141949 | Abyss    | Noticed a mottled draconian simulacrum
142248 | Abyss    | Noticed a phantasmal warrior
142349 | Abyss    | Noticed a great orb of eyes
142354 | Abyss    | Gained mutation: You are weak (Str -1).
142357 | Abyss    | Defeated a great orb of eyes
142454 | Abyss    | Noticed a hell knight
142459 | Abyss    | Noticed a hell knight
142459 | Abyss    | Noticed a hell knight
142460 | Abyss    | Noticed a hell knight
142464 | Abyss    | Noticed a hell knight
142464 | Abyss    | Noticed a hell knight
142498 | Abyss    | Noticed a green ugly thing
142666 | Abyss    | Noticed an iron golem
143103 | Abyss    | Noticed a naga mage
143166 | Abyss    | Noticed a red ugly thing
143328 | Abyss    | Got an abyssal rune of Zot
143416 | Abyss    | Noticed a red ugly thing
143514 | Abyss    | Reached skill 25 in Unarmed Combat
143751 | Abyss    | Gained mutation: You tend to lose your temper in combat.
143831 | Abyss    | Noticed a griffon simulacrum
143837 | Abyss    | Defeated a griffon simulacrum
143865 | Abyss    | Noticed a flayed ghost
143872 | Abyss    | Defeated a flayed ghost
143887 | Abyss    | Noticed a runed orcish hand axe
144018 | Abyss    | Got a rare book
144019 | Abyss    | Identified the Guide on the Volcanoes (You found it in the Abyss)
144080 | Abyss    | Noticed an iron golem
144110 | Abyss    | Noticed a hell knight
144112 | Abyss    | Noticed a hell knight
144114 | Abyss    | Noticed a hell knight
144116 | Abyss    | Defeated a hell knight
144119 | Abyss    | Noticed a hell knight
144122 | Abyss    | Defeated a hell knight
144127 | Abyss    | Defeated a hell knight
144233 | Abyss    | Noticed a phantom
144242 | Abyss    | Defeated a phantom
144329 | Tomb:1   | You pass through the gate.
144420 | Crypt:3  | Lost mutation: You tend to lose your temper in combat.
144420 | Crypt:3  | Lost mutation: You are weak (Str -1).
144420 | Crypt:3  | Lost mutation: You are clumsy (Dex -1).
145484 | Tomb:1   | Got a brightly glowing brass ring
147835 | Tomb:2   | Reached XP level 25. HP: 101/126 MP: 29/41
148215 | Tomb:2   | Reached skill 26 in Unarmed Combat
148232 | Tomb:2   | Reached skill 5 in Traps & Doors
148644 | Tomb:2   | Identified the ring of Elyvilon's Benevolence (You found it on level 1 of the Tomb of the Ancients)
148688 | Tomb:3   | Entered Level 3 of the Tomb of the Ancients
153571 | Vault:7  | Reached skill 27 in Unarmed Combat
153651 | Vault:7  | Defeated Frederick
153931 | Tomb:1   | Learned a level 1 spell: Apportation
154014 | Tomb:1   | Reached XP level 26. HP: 70/127 MP: 1/42
154199 | Tomb:1   | Reached skill 1 in Translocations
154882 | Tomb:1   | Reached skill 5 in Translocations
159372 | Tomb:3   | Got a colourful book
159373 | Tomb:3   | Identified the Papyrus of Supportive Dislocation (You found it on level 3 of the Tomb of the Ancients)
159397 | Tomb:3   | Got a flickering glass ring
159399 | Tomb:3   | Got a rare book
159400 | Tomb:3   | Identified the Guide on Heat and Attacks (You found it on level 3 of the Tomb of the Ancients)
159456 | Tomb:3   | Identified the ring "Xoxaps" (You found it on level 3 of the Tomb of the Ancients)
159484 | Tomb:3   | Got a golden rune of Zot
160345 | Lair:4   | Learned a level 4 spell: Control Teleport
160576 | D:13     | Learned a level 2 spell: Blink
160693 | Vault:2  | Bought a scroll of amnesia for 65 gold pieces
160841 | Vault:7  | Learned a level 5 spell: Teleport Self
161335 | Zot:1    | Entered Level 1 of the Realm of Zot
161805 | Zot:2    | Noticed an orb of fire
161806 | Zot:2    | Noticed an orb of fire
162226 | Zot:3    | Reached skill 15 in Stealth
163172 | Zot:3    | Reached XP level 27. HP: 95/135 MP: 11/43
164705 | Zot:5    | Entered Level 5 of the Realm of Zot
165238 | Zot:5    | Noticed an orb of fire
165239 | Zot:5    | Noticed an ancient lich
165239 | Zot:5    | Noticed an ancient lich
165241 | Zot:5    | Noticed an orb of fire
165242 | Zot:5    | Noticed an ancient lich
165245 | Zot:5    | Gained mutation: You are frail (-10% HP).
165246 | Zot:5    | Noticed an ancient lich
165253 | Zot:5    | Gained mutation: You are partially covered in large bone plates (AC +2, SH +2).
165267 | Zot:5    | Noticed an ancient lich
165274 | Zot:5    | Noticed an ancient lich
165274 | Zot:5    | Noticed an ancient lich
165274 | Zot:5    | Noticed an ancient lich
165274 | Zot:5    | Noticed an orb of fire
165274 | Zot:5    | Noticed an ancient lich
165276 | Zot:5    | Noticed an ancient lich
165277 | Zot:5    | Killed from afar by an ancient lich
165606 | Zot:5    | Defeated an ancient lich
165725 | Zot:5    | Defeated an ancient lich
165974 | Zot:4    | Noticed Tiamat
166519 | Zot:5    | Defeated an orb of fire
166896 | Zot:5    | Defeated an ancient lich
166903 | Zot:5    | Defeated an ancient lich
167621 | Zot:5    | Defeated an ancient lich
168214 | Zot:5    | Defeated an ancient lich
168718 | Zot:5    | Defeated an ancient lich
168903 | Zot:5    | Noticed an ancient lich
168908 | Zot:5    | Defeated an ancient lich
169700 | Zot:5    | Defeated an ancient lich
170142 | Zot:5    | Got the Orb of Zot
170224 | Zot:2    | HP: 3/132 [mottled draconian/orcish long sword (8)]
170225 | Zot:2    | Killed from afar by a mottled draconian
170315 | D:26     | Noticed Xuckue Cidi the pandemonium lord
170922 | D:$      | Escaped with the Orb!
